TOP OF THE 1ST |
Fort Wayne TinCaps batting - Pitching for Wisconsin Timber Rattlers : RHP Mark Hincks
|
Pitching: RHP Mark Hincks
|
|
Batting: SHB Adam Martin
|
0-0: Ground out 5-3 (Groundball, 56, EV 83.8 MPH)
|
Batting: LHB Angel Mejia
|
0-0: Swinging Strike 0-1: Ball 1-1: Foul Ball, location: 2F 1-2: Foul Ball, location: 2F 1-2: Ball 2-2: Ball 3-2: Foul Ball, location: 2F 3-2: Foul Ball, location: 2F 3-2: Fly out, F7 (Line Drive, 7D, EV 101.9 MPH)
|
Batting: LHB James Sousa
|
0-0: Ball 1-0: Ball 2-0: Ball 3-0: Called Strike 3-1: Ground out 5-3 (Groundball, 5, EV 89.4 MPH)
|
Top of the 1st over - 0 runs, 0 hits, 0 errors, 0 left on base; Fort Wayne 0 - Wisconsin 0 |
BOTTOM OF THE 1ST |
Wisconsin Timber Rattlers batting - Pitching for Fort Wayne TinCaps : LHP Luis Sanchez
|
Pitching: LHP Luis Sanchez
|
|
Batting: RHB Carlos Salazar
|
0-0: Foul Ball, location: 2F 0-1: Ball 1-1: Called Strike 1-2: Ball 2-2: Strikes out swinging
|
Batting: RHB Matt Saunders
|
0-0: Called Strike 0-1: Ball 1-1: Ball 2-1: Foul Ball, location: 2F 2-2: Strikes out swinging
|
Batting: RHB Matthew Adams
|
0-0: Ball 1-0: Ball 2-0: Foul Ball, location: 2F 2-1: Fly out, F9 (Flyball, 9D, EV 101.2 MPH)
|
Bottom of the 1st over - 0 runs, 0 hits, 0 errors, 0 left on base; Fort Wayne 0 - Wisconsin 0 |
TOP OF THE 2ND |
Fort Wayne TinCaps batting - Pitching for Wisconsin Timber Rattlers : RHP Mark Hincks
|
Batting: RHB Mike Maserang
|
0-0: Called Strike 0-1: Swinging Strike 0-2: Ball 1-2: Foul Ball, location: 2F 1-2: Strikes out looking
|
Batting: LHB Mike Schermerhorn
|
0-0: Called Strike 0-1: Called Strike 0-2: Strikes out swinging
|
Batting: SHB Yutaro Takahashi
|
0-0: Swinging Strike 0-1: Ball 1-1: Ball 2-1: Foul Ball, location: 2F 2-2: Ball 3-2: Base on Balls
|
Batting: RHB Davey Verhoog
|
0-0: Ball Yutaro Takahashi steals 2nd base (no throw) 1-0: Ground out 5-3 (Groundball, 56, EV 83.8 MPH)
|
Top of the 2nd over - 0 runs, 0 hits, 0 errors, 1 left on base; Fort Wayne 0 - Wisconsin 0 |
BOTTOM OF THE 2ND |
Wisconsin Timber Rattlers batting - Pitching for Fort Wayne TinCaps : LHP Luis Sanchez
|
Batting: LHB Alan Bianchard
|
0-0: Ball 1-0: Foul Ball, location: 2F 1-1: Swinging Strike 1-2: Foul Ball, location: 2F 1-2: Ball 2-2: SINGLE (Line Drive, 8LS, EV 98.1 MPH)
|
Batting: RHB Nick Spiller
|
0-0: Ball 1-0: SINGLE (Line Drive, 56D, EV 98.8 MPH) Alan Bianchard to second
|
Batting: LHB Joe Vida
|
0-0: Swinging Strike 0-1: SINGLE (Line Drive, 89M, EV 106.9 MPH) Alan Bianchard to third Nick Spiller to second
|
Batting: RHB Dave Bateman
|
0-0: Ball 1-0: Foul Ball, location: 2F 1-1: Foul Ball, location: 2F 1-2: Ball 2-2: Ball 3-2: Strikes out swinging
|
Batting: LHB Aaron Mobley
|
0-0: Ball 1-0: Fielders Choice at 2nd, 6-4 (Groundball, 6, EV 89.4 MPH) Alan Bianchard scores Nick Spiller to third
|
Batting: RHB Raymond Young
|
0-0: Ball 1-0: SINGLE (Groundball, 6D, EV 106.9 MPH) Nick Spiller scores Aaron Mobley to second
|
Batting: RHB Carlos Salazar
|
0-0: Ball 1-0: Foul Ball, location: 2F 1-1: Ball 2-1: Swinging Strike 2-2: Foul Ball, location: 2F 2-2: Foul Ball, location: 2F 2-2: Fielders Choice at 2nd, 5-4 (Groundball, 56, EV 87.5 MPH)
|
Bottom of the 2nd over - 2 runs, 4 hits, 0 errors, 2 left on base; Fort Wayne 0 - Wisconsin 2 |
TOP OF THE 3RD |
Fort Wayne TinCaps batting - Pitching for Wisconsin Timber Rattlers : RHP Mark Hincks
|
Batting: SHB Josh Parker
|
0-0: Ball 1-0: Called Strike 1-1: SINGLE (Line Drive, 8RS, EV 110.6 MPH)
|
Batting: RHB Rich Justice
|
0-0: Foul Ball, location: 2F 0-1: Ball 1-1: Foul Ball, location: 2F 1-2: Strikes out swinging
|
Batting: SHB Adam Martin
|
0-0: Ball 1-0: Foul Ball, location: 2F 1-1: Reached on error, E6 (Groundball, 6M, EV 105.6 MPH) Josh Parker to second
|
Batting: LHB Angel Mejia
|
0-0: Ball 1-0: Ball 2-0: Ball 3-0: Base on Balls Josh Parker to third Adam Martin to second
|
Batting: LHB James Sousa
|
0-0: Ball 1-0: Ball 2-0: Foul Ball, location: 2F 2-1: SINGLE (Line Drive, 8RS, EV 92.5 MPH) Josh Parker scores Adam Martin to third Angel Mejia to second Runner from 3rd tries for Home, throw by CF and OUT! 8-2
|
Batting: RHB Mike Maserang
|
0-0: Foul Ball, location: 2F 0-1: Ball 1-1: Ball 2-1: Swinging Strike 2-2: Ball 3-2: Foul Ball, location: 2F 3-2: Base on Balls Angel Mejia to third James Sousa to second
|
Batting: LHB Mike Schermerhorn
|
0-0: DOUBLE (Groundball, 3L, EV 106.2 MPH) Angel Mejia scores James Sousa scores Mike Maserang to third Runner from 3rd tries for Home, SAFE, no throw by RF
|
Batting: SHB Yutaro Takahashi
|
0-0: Ball 1-0: Ball 2-0: Ball 3-0: Base on Balls
|
Batting: RHB Davey Verhoog
|
0-0: Ball 1-0: SINGLE (Flyball, 8RS, EV 90.0 MPH) Mike Schermerhorn to third Yutaro Takahashi to second
|
Batting: SHB Josh Parker
|
0-0: Ball 1-0: Foul Ball, location: 2F 1-1: Ball 2-1: Hit by Pitch Mike Schermerhorn scores Yutaro Takahashi to third Davey Verhoog to second
|
Batting: RHB Rich Justice
|
0-0: Called Strike 0-1: Foul Ball, location: 2F 0-2: Ball 1-2: Ball 2-2: Foul Ball, location: 2F 2-2: Ball 3-2: Foul Ball, location: 2F 3-2: Ground out 1-3 (Groundball, 13, EV 68.8 MPH)
|
Top of the 3rd over - 5 runs, 4 hits, 1 error, 3 left on base; Fort Wayne 5 - Wisconsin 2 |
BOTTOM OF THE 3RD |
Wisconsin Timber Rattlers batting - Pitching for Fort Wayne TinCaps : LHP Luis Sanchez
|
Batting: RHB Matt Saunders
|
0-0: Ball 1-0: Foul Ball, location: 2F 1-1: Foul Ball, location: 2F 1-2: Fly out, F8 (Flyball, 89M, EV 83.8 MPH)
|
Batting: RHB Matthew Adams
|
0-0: SINGLE (Groundball, 56D, EV 103.1 MPH)
|
Batting: LHB Alan Bianchard
|
0-0: Swinging Strike 0-1: 2-RUN HOME RUN (Flyball, 9D, EV 96.9 MPH), Distance : 364 ft
|
Batting: RHB Nick Spiller
|
0-0: Called Strike 0-1: Foul Ball, location: 2F 0-2: Ball 1-2: Ball 2-2: Foul Ball, location: 2F 2-2: Foul Ball, location: 2F 2-2: Strikes out swinging
|
Batting: LHB Joe Vida
|
0-0: Ground out 6-3 (Groundball, 6, EV 102.5 MPH)
|
Bottom of the 3rd over - 2 runs, 2 hits, 0 errors, 0 left on base; Fort Wayne 5 - Wisconsin 4 |
TOP OF THE 4TH |
Fort Wayne TinCaps batting - Pitching for Wisconsin Timber Rattlers : RHP Mark Hincks
|
Batting: SHB Adam Martin
|
0-0: Foul Ball, location: 2F 0-1: Foul Ball, location: 2F 0-2: Ball 1-2: Ball 2-2: Foul Ball, location: 2F 2-2: Strikes out looking
|
Batting: LHB Angel Mejia
|
0-0: Called Strike 0-1: Ground out U3 (Groundball, 34, EV 91.9 MPH)
|
Batting: LHB James Sousa
|
0-0: Ball 1-0: Foul Ball, location: 2F 1-1: SINGLE (Flyball, 89S, EV 83.8 MPH)
|
Batting: RHB Mike Maserang
|
0-0: Swinging Strike 0-1: Foul Ball, location: 2F 0-2: Ball 1-2: Ball 2-2: Foul Ball, location: 2F 2-2: Foul Ball, location: 2F 2-2: SINGLE (Line Drive, 8LS, EV 101.2 MPH) James Sousa to second
|
Batting: LHB Mike Schermerhorn
|
0-0: Foul Ball, location: 2F 0-1: Called Strike 0-2: Fly out, F7 (Flyball, 7, EV 88.8 MPH)
|
Top of the 4th over - 0 runs, 2 hits, 0 errors, 2 left on base; Fort Wayne 5 - Wisconsin 4 |
BOTTOM OF THE 4TH |
Wisconsin Timber Rattlers batting - Pitching for Fort Wayne TinCaps : LHP Luis Sanchez
|
Batting: RHB Dave Bateman
|
0-0: Fly out, F7 (Flyball, 7LM, EV 86.2 MPH)
|
Batting: LHB Aaron Mobley
|
0-0: Swinging Strike 0-1: Swinging Strike 0-2: Foul Ball, location: 2F 0-2: Ball 1-2: Strikes out swinging
|
Batting: RHB Raymond Young
|
0-0: Swinging Strike 0-1: Ball 1-1: Ball 2-1: Swinging Strike 2-2: Strikes out swinging
|
Bottom of the 4th over - 0 runs, 0 hits, 0 errors, 0 left on base; Fort Wayne 5 - Wisconsin 4 |
TOP OF THE 5TH |
Fort Wayne TinCaps batting - Pitching for Wisconsin Timber Rattlers : RHP Mark Hincks
|
Pitching: RHP Brian Harper
|
|
Batting: SHB Yutaro Takahashi
|
0-0: Ball 1-0: Called Strike 1-1: Ball 2-1: Foul Ball, location: 2F 2-2: SINGLE (Line Drive, 4MD, EV 99.4 MPH)
|
Batting: RHB Davey Verhoog
|
0-0: Foul Ball, location: 2F 0-1: Called Strike 0-2: Ball 1-2: Foul Ball, location: 2F 1-2: Foul Ball, location: 2F 1-2: Foul Ball, location: 2F 1-2: SINGLE (Groundball, 34D, EV 111.2 MPH) Yutaro Takahashi to second Runner from 2nd tries for 3rd, SAFE, throw by RF made to third Davey Verhoog to second
|
Batting: SHB Josh Parker
|
0-0: Called Strike 0-1: Fly out, F8 (Flyball, 8LD, EV 105.0 MPH) Runner from 3rd tags up, SCORES, throw by CF
|
Batting: RHB Rich Justice
|
0-0: Fly out, F8 (Line Drive, 8RD, EV 90.0 MPH)
|
Batting: SHB Adam Martin
|
0-0: Fly out, F7 (Line Drive, 7, EV 95.0 MPH)
|
Top of the 5th over - 1 run, 2 hits, 0 errors, 1 left on base; Fort Wayne 6 - Wisconsin 4 |
BOTTOM OF THE 5TH |
Wisconsin Timber Rattlers batting - Pitching for Fort Wayne TinCaps : LHP Luis Sanchez
|
Batting: RHB Carlos Salazar
|
0-0: Ball 1-0: Called Strike 1-1: Called Strike 1-2: Ground out 6-3 (Groundball, 4MS, EV 90.6 MPH)
|
Batting: RHB Matt Saunders
|
0-0: Foul Ball, location: 2F 0-1: Ball 1-1: Ball 2-1: Foul Ball, location: 2F 2-2: Ball 3-2: Strikes out looking
|
Batting: RHB Matthew Adams
|
0-0: Called Strike 0-1: Ball 1-1: Swinging Strike 1-2: Ball 2-2: Ball 3-2: SOLO HOME RUN (Flyball, 7LD, EV 93.8 MPH), Distance : 353 ft
|
Pitching: RHP Marcus Hill
|
|
Batting: LHB Alan Bianchard
|
0-0: Swinging Strike 0-1: Ball 1-1: Swinging Strike 1-2: Foul Ball, location: 2F 1-2: Strikes out looking
|
Bottom of the 5th over - 1 run, 1 hit, 0 errors, 0 left on base; Fort Wayne 6 - Wisconsin 5 |
TOP OF THE 6TH |
Fort Wayne TinCaps batting - Pitching for Wisconsin Timber Rattlers : RHP Brian Harper
|
Batting: LHB Angel Mejia
|
0-0: Called Strike 0-1: Ground out 4-3 (Groundball, 34, EV 108.8 MPH)
|
Batting: LHB James Sousa
|
0-0: Ball 1-0: Swinging Strike 1-1: Fly out, F8 (Flyball, 78XD, EV 86.2 MPH)
|
Batting: RHB Mike Maserang
|
0-0: Ball 1-0: Called Strike 1-1: Ball 2-1: Foul Ball, location: 2F 2-2: Ball 3-2: Foul Ball, location: 2F 3-2: Ground out 6-3 (Groundball, 6S, EV 84.4 MPH)
|
Top of the 6th over - 0 runs, 0 hits, 0 errors, 0 left on base; Fort Wayne 6 - Wisconsin 5 |
BOTTOM OF THE 6TH |
Wisconsin Timber Rattlers batting - Pitching for Fort Wayne TinCaps : RHP Marcus Hill
|
Batting: RHB Nick Spiller
|
0-0: Ball 1-0: Ball 2-0: Ball 3-0: Called Strike 3-1: Base on Balls
|
Batting: LHB Joe Vida
|
0-0: Called Strike Nick Spiller steals 2nd base 0-1: Foul Ball, location: 2F 0-2: Ball 1-2: Ground out 4-3 (Groundball, 4, EV 91.9 MPH) Nick Spiller to third
|
Batting: RHB Dave Bateman
|
0-0: Ball 1-0: Fly out, F9 (Flyball, 9LM, EV 93.8 MPH)
|
Batting: LHB Aaron Mobley
|
0-0: Called Strike 0-1: Ball 1-1: Called Strike 1-2: Foul Ball, location: 2F 1-2: Strikes out swinging
|
Bottom of the 6th over - 0 runs, 0 hits, 0 errors, 1 left on base; Fort Wayne 6 - Wisconsin 5 |
TOP OF THE 7TH |
Fort Wayne TinCaps batting - Pitching for Wisconsin Timber Rattlers : RHP Brian Harper
|
Pitching: LHP Tom Barone
|
|
Batting: LHB Mike Schermerhorn
|
0-0: SINGLE (Groundball, 4MD, EV 103.8 MPH)
|
Pitching: RHP Jason Ukena
|
|
Batting: SHB Yutaro Takahashi
|
0-0: Bunted foul 0-1: Bunt missed! 0-2: Foul Ball, location: 2F 0-2: Ball 1-2: Ball 2-2: Foul Ball, location: 2F 2-2: Ball 3-2: Base on Balls Mike Schermerhorn to second
|
Pinch Runner at 2nd Ryan Brown:
|
|
Batting: RHB Davey Verhoog
|
0-0: Sac Bunt to 2L - play at first, batter OUT! 2-4 Ryan Brown to third Yutaro Takahashi to second
|
Batting: SHB Josh Parker
|
0-0: SINGLE (Groundball, 34D, EV 95.6 MPH) Ryan Brown scores Yutaro Takahashi to third Runner from 3rd tries for Home, SAFE, throw by RF to home Josh Parker to second
|
Batting: RHB Rich Justice
|
0-0: Ball 1-0: Ball 2-0: Called Strike 2-1: Foul Ball, location: 2F 2-2: Ball 3-2: Strikes out swinging
|
Batting: SHB Adam Martin
|
0-0: Called Strike 0-1: Foul Ball, location: 2F 0-2: Ball 1-2: Ball 2-2: Strikes out swinging
|
Top of the 7th over - 2 runs, 2 hits, 0 errors, 1 left on base; Fort Wayne 8 - Wisconsin 5 |
BOTTOM OF THE 7TH |
Wisconsin Timber Rattlers batting - Pitching for Fort Wayne TinCaps : RHP Marcus Hill
|
Pitching: RHP Travis White
|
|
Now in LF: Davey Verhoog
|
|
Now in CF: Nelson Trujillo
|
|
Batting: RHB Raymond Young
|
0-0: Foul Ball, location: 2F 0-1: Ball 1-1: Ball 2-1: Ball 3-1: Foul Ball, location: 2F 3-2: Strikes out swinging
|
Batting: RHB Carlos Salazar
|
0-0: Ball 1-0: Ball 2-0: Ball 3-0: Called Strike 3-1: Called Strike 3-2: Foul Ball, location: 2F 3-2: Strikes out swinging
|
Batting: RHB Matt Saunders
|
0-0: Called Strike 0-1: Called Strike 0-2: Ball 1-2: Ball 2-2: SINGLE (Line Drive, 78S, EV 95.0 MPH)
|
Batting: RHB Matthew Adams
|
0-0: Ball Matt Saunders is caught stealing 2nd base 2-4
|
Bottom of the 7th over - 0 runs, 1 hit, 0 errors, 0 left on base; Fort Wayne 8 - Wisconsin 5 |
TOP OF THE 8TH |
Fort Wayne TinCaps batting - Pitching for Wisconsin Timber Rattlers : RHP Jason Ukena
|
Pitching: RHP Elijah Seabrooks
|
|
Batting: LHB Angel Mejia
|
0-0: Called Strike 0-1: Ground out 4-3 (Groundball, 4M, EV 84.4 MPH)
|
Batting: LHB James Sousa
|
0-0: Called Strike 0-1: DOUBLE (Line Drive, 7LD, EV 108.8 MPH)
|
Batting: RHB Mike Maserang
|
0-0: Foul Ball, location: 2F 0-1: Reached on error, E5 (Groundball, 56, EV 84.4 MPH) James Sousa to third
|
Batting: RHB Nelson Trujillo
|
0-0: Ball 1-0: Ball 2-0: Ball 3-0: Called Strike 3-1: Foul Ball, location: 2F 3-2: Strikes out swinging
|
Batting: SHB Yutaro Takahashi
|
0-0: Swinging Strike 0-1: Foul Ball, location: 2F 0-2: Ball 1-2: Foul Ball, location: 2F 1-2: Strikes out swinging
|
Top of the 8th over - 0 runs, 1 hit, 1 error, 2 left on base; Fort Wayne 8 - Wisconsin 5 |
BOTTOM OF THE 8TH |
Wisconsin Timber Rattlers batting - Pitching for Fort Wayne TinCaps : RHP Travis White
|
Pitching: RHP Andre Wiltz
|
|
Batting: RHB Matthew Adams
|
0-0: DOUBLE (Flyball, 7LD, EV 106.2 MPH)
|
Batting: LHB Alan Bianchard
|
0-0: Ball 1-0: Swinging Strike 1-1: Foul Ball, location: 2F 1-2: Foul Ball, location: 2F 1-2: TRIPLE (Flyball, 78XD, EV 103.8 MPH) Matthew Adams scores
|
Batting: RHB Nick Spiller
|
0-0: Called Strike 0-1: Called Strike 0-2: Strikes out swinging
|
Batting: LHB Joe Vida
|
0-0: Ball 1-0: Foul Ball, location: 2F 1-1: Foul Ball, location: 2F 1-2: Ball 2-2: Strikes out swinging
|
Batting: RHB Dave Bateman
|
0-0: Foul Ball, location: 2F 0-1: Ball 1-1: Ball 2-1: Ball 3-1: Ground out 6-3 (Groundball, 6, EV 86.9 MPH)
|
Bottom of the 8th over - 1 run, 2 hits, 0 errors, 1 left on base; Fort Wayne 8 - Wisconsin 6 |
TOP OF THE 9TH |
Fort Wayne TinCaps batting - Pitching for Wisconsin Timber Rattlers : RHP Elijah Seabrooks
|
Batting: RHB Davey Verhoog
|
0-0: Ball 1-0: Foul Ball, location: 2F 1-1: Swinging Strike 1-2: Strikes out looking
|
Batting: SHB Josh Parker
|
0-0: Ball 1-0: Ball 2-0: Called Strike 2-1: Ball 3-1: Foul Ball, location: 2F 3-2: Foul Ball, location: 2F 3-2: Strikes out swinging
|
Batting: RHB Rich Justice
|
0-0: Called Strike 0-1: Ball 1-1: Ball 2-1: Ball 3-1: Base on Balls
|
Batting: SHB Adam Martin
|
0-0: Called Strike Rich Justice steals 2nd base 0-1: Foul Ball, location: 2F 0-2: Ground out 6-3 (Groundball, 6, EV 88.1 MPH)
|
Top of the 9th over - 0 runs, 0 hits, 0 errors, 1 left on base; Fort Wayne 8 - Wisconsin 6 |
BOTTOM OF THE 9TH |
Wisconsin Timber Rattlers batting - Pitching for Fort Wayne TinCaps : RHP Andre Wiltz
|
Batting: LHB Aaron Mobley
|
0-0: Called Strike 0-1: Foul Ball, location: 2F 0-2: Ball 1-2: DOUBLE (Line Drive, 89D, EV 103.8 MPH)
|
Pinch Hitting: LHB Andy Sanchez
|
0-0: Ball 1-0: Called Strike 1-1: Ball 2-1: SINGLE (Groundball, 3D, EV 103.8 MPH) Aaron Mobley to third
|
Batting: RHB Carlos Salazar
|
0-0: Ball 1-0: Called Strike 1-1: Ball 2-1: Fly out, F7 (Flyball, 7S, EV 86.9 MPH)
|
Batting: RHB Matt Saunders
|
0-0: Fly out, F4 (Popup, 4D, EV 57.5 MPH)
|
Batting: RHB Matthew Adams
|
0-0: Called Strike 0-1: Ball 1-1: Ball Balk! Aaron Mobley scores Andy Sanchez to second 2-1: TRIPLE (Flyball, 78XD, EV 105.6 MPH) Andy Sanchez scores
|
Batting: LHB Alan Bianchard
|
0-0: Intentional Walk
|
Pitching: RHP Roman Baines
|
|
Batting: RHB Nick Spiller
|
0-0: Ball 1-0: Ball 2-0: Fly out, F6 (Flyball, 6D, EV 87.5 MPH)
|
Bottom of the 9th over - 2 runs, 3 hits, 0 errors, 2 left on base; Fort Wayne 8 - Wisconsin 8 |
TOP OF THE 10TH |
Fort Wayne TinCaps batting - Pitching for Wisconsin Timber Rattlers : RHP Elijah Seabrooks
|
Now at 2B: Bryant Thies
|
|
Now at 3B: Matt Saunders
|
|
Now at SS: Aaron Mobley
|
|
Batting: LHB Angel Mejia
|
0-0: Ball 1-0: Ground out 4-3 (Groundball, 4, EV 85.6 MPH)
|
Batting: LHB James Sousa
|
0-0: Ball 1-0: Called Strike 1-1: Ball 2-1: Swinging Strike 2-2: Ball 3-2: Base on Balls
|
Batting: RHB Mike Maserang
|
0-0: Ball 1-0: Called Strike 1-1: Foul Ball, location: 2F 1-2: SINGLE (Groundball, 56D, EV 106.2 MPH) James Sousa to second
|
Pinch Runner at 2nd Melvin Villagomez:
|
|
Batting: RHB Nelson Trujillo
|
0-0: Ball Wild Pitch! Melvin Villagomez to third Mike Maserang to second 1-0: Ball 2-0: Foul Ball, location: 2F 2-1: SINGLE (Groundball, 56, EV 105.6 MPH) Melvin Villagomez scores Mike Maserang to third
|
Pitching: RHP Dan Patino
|
|
Batting: SHB Yutaro Takahashi
|
0-0: Bunted foul 0-1: Ball 1-1: Swinging Strike 1-2: Hit by Pitch Nelson Trujillo to second
|
Batting: RHB Davey Verhoog
|
0-0: Grounds into fielders choice 3-2 (Groundball, 34S, EV 70.0 MPH) Nelson Trujillo to third Yutaro Takahashi to second
|
Batting: SHB Josh Parker
|
0-0: Fly out, F8 (Line Drive, 8RM, EV 87.5 MPH)
|
Top of the 10th over - 1 run, 2 hits, 0 errors, 3 left on base; Fort Wayne 9 - Wisconsin 8 |
BOTTOM OF THE 10TH |
Wisconsin Timber Rattlers batting - Pitching for Fort Wayne TinCaps : RHP Roman Baines
|
Batting: LHB Joe Vida
|
0-0: Ball 1-0: Ball 2-0: Ball 3-0: Called Strike 3-1: Swinging Strike 3-2: Foul Ball, location: 2F 3-2: Strikes out swinging
|
Batting: RHB Dave Bateman
|
0-0: Foul Ball, location: 2F 0-1: Ground out 1-3 (Groundball, 13S, EV 65.6 MPH)
|
Batting: LHB Aaron Mobley
|
0-0: Swinging Strike 0-1: Foul Ball, location: 2F 0-2: Foul Ball, location: 2F 0-2: Ball 1-2: Strikes out swinging
|
Bottom of the 10th over - 0 runs, 0 hits, 0 errors, 0 left on base; Fort Wayne 9 - Wisconsin 8 |
|